 Dungeon Crawl Stone Soup version 0.20.1-1-g8b1a95d66d (webtiles) character file.

340 Ivernyr the Chucker (level 6, 0/65 HPs)
             Began as an Ogre Hunter on Nov 20, 2017.
             Slain by Blork the orc
             ... wielding a +0 long sword
              (5 damage)
             ... on level 4 of the Dungeon.
             The game lasted 00:15:10 (5396 turns).

Ivernyr the Chucker (Ogre Hunter)                   Turns: 5396, Time: 00:15:10

Health: 0/65       AC:  3    Str: 17    XL:     6   Next: 56%
Magic:  6/6        EV: 10    Int: 14    God:
Gold:   243        SH:  0    Dex:  9    Spells: 5/5 levels left

rFire    . . .     SeeInvis .   a - +0 club
rCold    . . .     Gourm    .   (no shield)
rNeg     + . .     Faith    +   b - +0 robe
rPois    .         Spirit   .   (helmet restricted)
rElec    .         Reflect  .   (no cloak)
rCorr    .         Harm     .   (gloves unavailable)
MR       +....                  (boots unavailable)
Stlth    +.........             t - amulet of faith
Regen    0.2/turn               s - ring of positive energy
MPRegen  0.1/turn               y - ring of protection from magic

@: very slightly contaminated
A: unfitting armour, tough skin 1
a: no special abilities


You were on level 4 of the Dungeon.
You were not hungry.

You visited 1 branch of the dungeon, and saw 4 of its levels.

You collected 243 gold pieces.

Inventory:

Hand Weapons
 a - a +0 club (weapon)
Missiles
 d - a throwing net
 D - 3 large rocks (quivered)
Armour
 b - a +0 robe (worn)
Jewellery
 s - a ring of positive energy (left hand)
 t - an amulet of faith (around neck)
 x - an uncursed ring of wizardry
 y - a ring of protection from magic (right hand)
Wands
 c - a wand of polymorph (2/24)
 B - a wand of acid (1/15)
Scrolls
 e - a scroll of immolation {unknown}
 h - 5 scrolls of identify {unknown}
 j - a scroll of blinking
 l - 3 scrolls of magic mapping {unknown}
 n - 2 scrolls of random uselessness {unknown}
 o - 2 scrolls of remove curse {unknown}
 u - a scroll of enchant armour {unknown}
 w - a scroll of noise {unknown}
Potions
 g - a potion of degeneration {unknown}
 p - a potion of cancellation
 q - a potion of haste
 r - 2 potions of might
 v - a potion of experience {unknown}
 z - a potion of mutation {unknown}
 A - a potion of brilliance {unknown}
 C - a potion of curing {unknown}
Comestibles
 f - 3 bread rations
 i - 2 royal jellies
 k - 12 fruits
 m - 5 meat rations


   Skills:
 + Level 4.8 Fighting
 * Level 3.0 Maces & Flails
 * Level 5.9 Throwing
 - Level 2.0 Dodging
 - Level 0.6 Stealth


You had 5 spell levels left.
You didn't know any spells.

Dungeon Overview and Level Annotations

Branches:
Dungeon (4/15)
 Temple: D:4-7

Altars:
Kikubaaqudgha

Annotations:
D:3 yafkata's ghost, amateur TrBe
D:4 Blork the orc; Dowan; Ijyb


Innate Abilities, Weirdness & Mutations

You are too large for most types of armour.
You have tough skin. (AC +1)


Message History

Blork the orc hits you with a long sword!
* * * LOW HITPOINT WARNING * * *
Dowan hits you with a dagger of distortion.
* * * LOW HITPOINT WARNING * * *
Space warps horribly around you!
* * * LOW HITPOINT WARNING * * *
Okay, then.
Blink to where?
Press: ? - help, Dir - move target cursor, p - Dowan You are very lightly contaminated with residual magic.
As you read the scroll labeled FIUCAS CAJAOR, it crumbles to dust.
It was a scroll of blinking.
Throwing (i - inventory. (,) - cycle):
D - 4 large rocks (quivered)
Press: ? - help, Shift-Dir - straight line, f - Blork the orc
Aim: Blork the orc, wielding a long sword and wearing a robe (fast)
You throw a large rock. The large rock hits Blork the orc.
Blork the orc is lightly wounded.
Blork the orc screams, "I'll crush all your ribs!
One by one!"
Blork the orc hits you with a long sword.
You die...

# #....#.†##.# ####
############.#..##.# ...#
#..........#)......# ...#
#.[...####.##.#.#### ...#
#.....# #.##.#.##### ...#
#.....# #.##.#..#.. ...#
#.....####.##.##.#.# ####
##.......#.##.##.#§#
##############.#@##.##.(.#
...............#.o(.g....#
###################.###.##
#.# #§## #.# #..#
#.####.#.####
#.....<.......
######..g..... #........


You could see Blork the orc and Ijyb.

Vanquished Creatures
  Duvessa (D:4)
  2 worker ants (D:4)
  A hound skeleton (D:4)
  10 adders
  A worm (D:4)
  A dart slug (D:3)
  A leopard gecko (D:2)
  An orc (D:3)
  10 bats
  3 giant cockroaches
  11 goblins
  9 hobgoblins
  11 jackals
  4 kobolds
  9 frilled lizards
  10 rats
85 creatures vanquished.

Notes
Turn   | Place    | Note
-------+----------+-------------------------------------------
     0 | D:1      | Ivernyr the Ogre Hunter began the quest for the Orb.
     0 | D:1      | Reached XP level 1. HP: 22/22 MP: 1/1
     3 | D:1      | Noticed an electric eel
     3 | D:1      | Noticed an electric eel
   456 | D:1      | Reached XP level 2. HP: 28/31 MP: 2/2
  1078 | D:1      | Reached XP level 3. HP: 27/37 MP: 3/3
  2054 | D:2      | Reached XP level 4. HP: 11/48 MP: 4/4
  2319 | D:2      | Reached skill level 1 in Maces & Flails
  2472 | D:2      | Reached skill level 5 in Throwing
  2716 | D:2      | Reached XP level 5. HP: 50/54 MP: 5/5
  3335 | D:3      | HP: 2/54 [poisoned by an adder]
  3582 | D:3      | Noticed yafkata's ghost (amateur TrBe)
  4113 | D:3      | Found an ancient bone altar of Kikubaaqudgha.
  5164 | D:4      | Reached XP level 6. HP: 63/63 MP: 6/6
  5261 | D:4      | Noticed Duvessa
  5339 | D:4      | Killed Duvessa
  5365 | D:4      | Noticed Dowan
  5377 | D:4      | Noticed Blork the orc
  5382 | D:4      | Noticed Ijyb
  5391 | D:4      | HP: 3/65 [Dowan/dagger of distortion (10)]
  5396 | D:4      | Slain by Blork the orc

Skill      XL: |  1  2  3  4  5  6 |
---------------+-------------------+-----
Fighting       | 3 4 |  4.8
Dodging        | 2 |  2.0
Maces & Flails | 1 2 3 |  3.0
Throwing       | 5 |  5.9
Stealth        | |  0.6

Action                   |  1- 3 |  4- 6 || total
-------------------------+-------+-------++-------
Melee: Short sword       |    15 |       ||    15
       Club              |   169 |   257 ||   426
       Unarmed           |       |     4 ||     4
Throw: Large rock        |     5 |    25 ||    30
       Throwing net      |       |     2 ||     2
Evoke: Wand              |       |     3 ||     3
  Use: Potion            |       |     3 ||     3
       Scroll            |       |     1 ||     1
 Stab: Sleeping          |     3 |     1 ||     4
       Held in net/web   |       |     1 ||     1
  Eat: Chunk             |     4 |    11 ||    15
Armor: Robe              |    59 |    87 ||   146
       Skin              |       |    14 ||    14
Dodge: Dodged            |   123 |   181 ||   304
